 Dungeon Sprint DCSS version 0.30-a0-626-gd6a5dd7a1f (webtiles) character file.

Game seed: 15394042294857018125

50 BigDaddyOpFi the Blocker (level 8, -1/63 HPs)
             Began as an Octopode Fighter on Jan 11, 2023.
             Was a Priest of Qazlal.
             Slain by a hellwing (4 damage)
             ... in the Dungeon (Sprint VI: "Thunderdome").
             The game lasted 00:03:13 (467 turns).

BigDaddyOpFi the Blocker (Octopode Fighter)          Turns: 467, Time: 00:03:14

Health: -1/63      AC:  1    Str: 18    XL:     8   Next: 44%
Magic:  0/11       EV: 17    Int: 17    God:    Qazlal [***...]
Gold:   10         SH: 11    Dex: 15    Spells: 7/7 levels left

rFire   . . .      SeeInvis .    a - +0 war axe
rCold   + + +      Faith    .    b - +0 buckler
rNeg    + . .      Spirit   +    (helmet restricted)
rPois   +          Reflect  .    q - amulet of the Devil's Team {Spirit Dex+6}
rElec   +          Harm     .    n - ring of Departure {rC+ rCorr}
rCorr   +          Rampage  .    o - ring "Jenilak" {rPois rC+ Int+7 Dex-2}
Will    +....      NoTele   +    p - ring "Gabesm" {rElec rC+ rN+ Stlth+}
Stlth   ++                       r - ring "Zotavire" {Wiz Contam rElec Will+}
HPRegen 0.30/turn                (no ring)
MPRegen 0.12/turn                (no ring)
                                 (no ring)
                                 (no ring)

@: hasted, very quick
A: almost no armour, amphibious, 8 rings, camouflage 1, gelatinous body 1,
(nimble swimmer 1), tentacles
a: Renounce Religion, Upheaval, Elemental Force


You were in the Dungeon.
You worshipped Qazlal.
Qazlal was most pleased with you.
You visited 1 branch You collected 280 gold pieces.
You spent 270 gold pieces at shops.

Inventory:

Hand Weapons
 a - a +0 war axe (weapon)
Armour
 b - a +0 buckler (worn)
Jewellery
 c - the ring of Rationality {rPois Int+7 Slay-3 SInv}
   (You bought it in a shop in the Dungeon)

   [ring of poison resistance]

   Int:       It affects your intelligence (+7).
   Slay:      It affects your accuracy & damage with ranged weapons and melee
   (-3).
   rPois:     It protects you from poison.
   SInv:      It lets you see invisible.
 n - the ring of Departure (left tentacle) {rC+ rCorr}
   (You bought it in a shop in the Dungeon)

   [ring of resist corrosion]

   rC:        It protects you from cold.
   rCorr:     It protects you from acid and corrosion.
 o - the ring "Jenilak" (right tentacle) {rPois rC+ Int+7 Dex-2}
   (You bought it in a shop in the Dungeon)

   [ring of poison resistance]

   Int:       It affects your intelligence (+7).
   Dex:       It affects your dexterity (-2).
   rC:        It protects you from cold.
   rPois:     It protects you from poison.
 p - the ring "Gabesm" (on tentacle) {rElec rC+ rN+ Stlth+}
   (You bought it in a shop in the Dungeon)

   [ring of protection from cold]

   rC:        It protects you from cold.
   rElec:     It insulates you from electricity.
   rN:        It protects you from negative energy.
   Stlth:     It makes you more stealthy.
 q - the amulet of the Devil's Team (around mantle) {Spirit Dex+6}
   (You bought it in a shop in the Dungeon)

   [amulet of guardian spirit]

   It causes incoming damage to be divided between your reserves of health and
   magic.
   Dex:       It affects your dexterity (+6).
 r - the ring "Zotavire" (on tentacle) {Wiz Contam rElec Will+}
   (You bought it in a shop in the Dungeon)

   [ring of wizardry]

   It improves your spell success rate.
   rElec:     It insulates you from electricity.
   Contam:    It causes magical contamination when unequipped.
   Will:      It increases your willpower.
Wands
 k - a wand of light (20)
 l - a wand of roots (5)
Scrolls
 i - 2 scrolls of blinking
 m - 3 scrolls of fog
Potions
 f - 2 potions of haste
 g - 2 potions of magic


   Skills:
 + Level 9.3 Fighting
 + Level 9.0 Axes
 + Level 9.3 Dodging
 + Level 9.4 Shields
 * Level 5.1 Invocations


You had 7 spell levels left.
You didn't know any spells.
Your spell library was empty.

Dungeon Overview and Level Annotations

Branches:
Dungeon (1/1)

Altars:
Cheibriados
Dithmenos
Fedhas
Gozag
Kikubaaqudgha
Makhleb
Okawaru
Qazlal
Ru
Sif Muna
Trog
Uskayaw
Vehumet
Wu Jian
Xom
Yredelemnul
Zin
The Shining One
Lugonu

Shops:
D *[??*?*:[((!!!!


Innate Abilities, Weirdness & Mutations

You cannot wear most types of armour.
You are amphibious.
You can wear up to eight rings at the same time.
Your skin changes colour to match your surroundings (Stealth+).
Your rubbery body absorbs attacks. (AC +1, EV +1)
((You are camouflaged when in or above water. (Stealth+)))
You have tentacles for arms and can constrict up to eight enemies at once.


Message History

An ice devil is nearby!
A hellwing comes into view.
The hellwing gives a chilling moan.
You hear a chilling moan.
A hellwing comes into view.
The hellwing swoops through the air toward you!
You block the hellwing's attack. The hellwing hits you!
* * * LOW HITPOINT WARNING * * *
The ice devil closely misses you.
Blink to where?
Press: ? - help, Dir - move target
As you read the scroll of blinking, it crumbles to dust.
You feel yourself speed up.
You feel yourself speed up.
You start to feel less resistant.
You hit the hellwing.
The hellwing is lightly wounded.
You hit the hellwing but do no damage.
The hellwing is lightly wounded.
The hellwing swoops through the air toward you!
The hellwing completely misses you. The hellwing closely misses you.
The hellwing hits you.
* * * LOW HITPOINT WARNING * * *
The hellwing hits you!
* * * LOW HITPOINT WARNING * * *
The hellwing hits you. The hellwing closely misses you.
The hellwing swoops through the air toward you!
You block the hellwing's attack. The hellwing barely misses you.
You closely miss the hellwing.
The hellwing is lightly wounded.
The hellwing misses you. The hellwing hits you.
* * * LOW HITPOINT WARNING * * *
You recover from your berserk rage.
Your resistance to elements expires.
The hellwing swoops through the air toward you!
You block the hellwing's attack. The hellwing closely misses you.
The hellwing swoops through the air toward you!
The hellwing hits you.
* * * LOW HITPOINT WARNING * * *
You block the hellwing's attack. x2; The hellwing hits you.
You die...

##∩.....∩## #∩.......∩#
#........_# #_..)...._#
#........_# ###.........###
#⌠.....).....⌠#
######.8.).....4.8.######
#.___......###[.@4..___∩##
∩........8.# #.8..☼.....∩###
.......[...###.....°.......#
........###...###..........⌠
........# #.<.# #.°........⌠
..[.....###...###4.........⌠
......)....###.............#
∩........8.# #.8........∩###
#∩.__......###......___∩##


You could see 2 hellwings and an ice devil.

Vanquished Creatures
  A rust devil (D)
  An orange demon (D)
  A hellwing (D)
  Sigmund (D)
  A gnoll sergeant (D)
  Crazy Yiuf (D)
  2 gnoll boudas (D)
  Jessica (D)
  Terence (D)
  A gnoll (D)
  An endoplasm (D)
  A goblin (D)
  A kobold (D)
14 creatures vanquished.

Notes
Turn   | Place    | Note
-------+----------+-------------------------------------------
     0 | D        | BigDaddyOpFi the Octopode Fighter began the quest for the
                  | Orb.
     0 | D        | Reached XP level 1. HP: 16/16 MP: 1/1
     4 | D        | Found a corrupted altar of Lugonu.
     5 | D        | Found a glowing silver altar of Zin.
     5 | D        | Found a glowing golden altar of the Shining One.
     5 | D        | Round 1.
     6 | D        | Found an opulent altar of Gozag.
     7 | D        | Found a shadowy altar of Dithmenos.
     7 | D        | Found an ornate altar of the Wu Jian Council.
     7 | D        | Found Ysuq's Identification Station.
     8 | D        | Found Yneir's Jewellery.
     8 | D        | Found Zoqeul's Advanced Armour.
    16 | D        | Bought a brightly glowing copper ring for 45 gold pieces
    16 | D        | Identified the ring of Departure {rC+ rCorr} (You bought it
                  | in a shop in the Dungeon)
    16 | D        | Bought a clouded lead ring for 45 gold pieces
    16 | D        | Identified the ring "Jenilak" {rPois rC+ Int+7 Dex-2} (You
                  | bought it in a shop in the Dungeon)
    16 | D        | Bought a bound platinum ring for 45 gold pieces
    16 | D        | Identified the ring "Gabesm" {rElec rC+ rN+ Stlth+} (You
                  | bought it in a shop in the Dungeon)
    16 | D        | Bought a brightly glowing steel amulet for 45 gold pieces
    16 | D        | Identified the amulet of the Devil's Team {Spirit Dex+6}
                  | (You bought it in a shop in the Dungeon)
    27 | D        | Noticed Terence
    42 | D        | Killed Terence
    43 | D        | Reached XP level 2. HP: 15/22 MP: 0/2
    43 | D        | Reached XP level 3. HP: 19/27 MP: 0/3
    47 | D        | Found a shimmering altar of Xom.
    48 | D        | Found Sucvuiq's Premium Goods.
    49 | D        | Found a stormy altar of Qazlal.
    49 | D        | Found a hide-covered altar of Uskayaw.
    49 | D        | Found a shimmering blue altar of Sif Muna.
    49 | D        | Found Hodacun's Weapon Rack.
    49 | D        | Found Adah's Miscellaneous Merchandise.
    49 | D        | Found Waif Oso's Basic Armour.
    53 | D        | Found a snail-covered altar of Cheibriados.
    54 | D        | Found a sacrificial altar of Ru.
    58 | D        | Became a worshipper of Qazlal Stormbringer
    61 | D        | Found an iron altar of Okawaru.
    62 | D        | Found Loir's Do-It-Yourself Clinic.
    63 | D        | Found Luewn's Bottled Wisdom.
    63 | D        | Found Puot Xou's Distillery.
    64 | D        | Found a basalt altar of Yredelemnul.
    64 | D        | Found a burning altar of Makhleb.
    64 | D        | Found an ancient bone altar of Kikubaaqudgha.
    64 | D        | Found Zuelel's Distillery.
    68 | D        | Found a radiant altar of Vehumet.
    69 | D        | Found a bloodstained altar of Trog.
    70 | D        | Found a blossoming altar of Fedhas.
    71 | D        | Found Ziyhoapt's Staff Store.
    71 | D        | Noticed Sigmund
    72 | D        | Found Godex's Magic Scroll Shop.
    72 | D        | Found Todihacy's Must-Have Magic.
    72 | D        | Found Kuprurod's Magic Scroll Shop.
    77 | D        | Killed Sigmund
    78 | D        | Reached skill level 5 in Axes
    78 | D        | Reached XP level 4. HP: 22/36 MP: 2/4
    78 | D        | Reached XP level 5. HP: 26/42 MP: 2/5
    85 | D        | Reached * piety under Qazlal
   148 | D        | Noticed Jessica
   153 | D        | Killed Jessica
   153 | D        | Arena points: 14 (+14) [x2]
   205 | D        | Round 2.
   214 | D        | Reached XP level 6. HP: 47/47 MP: 6/6
   243 | D        | Reached ** piety under Qazlal
   257 | D        | Noticed Crazy Yiuf
   267 | D        | Killed Crazy Yiuf
   273 | D        | Arena points: 50 (+36) [x3]
   291 | D        | Bought a flickering wooden ring for 45 gold pieces
   291 | D        | Identified the ring of Rationality {rPois Int+7 Slay-3
                  | SInv} (You bought it in a shop in the Dungeon)
   291 | D        | Bought a scintillating lead ring for 45 gold pieces
   291 | D        | Identified the ring "Zotavire" {Wiz Contam rElec Will+}
                  | (You bought it in a shop in the Dungeon)
   324 | D        | Round 3.
   330 | D        | Noticed a rust devil
   345 | D        | Killed a rust devil
   345 | D        | Reached *** piety under Qazlal
   346 | D        | Reached XP level 7. HP: 46/56 MP: 4/7
   392 | D        | Noticed a hellwing
   395 | D        | Noticed an orange demon
   416 | D        | Killed a hellwing
   417 | D        | Reached XP level 8. HP: 26/63 MP: 0/10
   421 | D        | Killed an orange demon
   422 | D        | Reached skill level 5 in Invocations
   446 | D        | Noticed an ice devil
   446 | D        | Noticed a hellwing
   447 | D        | Noticed a hellwing
   467 | D        | HP: 3/63 [hellwing (3)]
   467 | D        | Slain by a hellwing

Illustrated notes

Levels and vault maps discovered:
D:        arena_sprint

Skill      XL: |  1  2  3  4  5  6  7  8 |
---------------+-------------------------+-----
Fighting       | 4 6 8 9 |  9.3
Axes           | 3 5 6 8 9 |  9.0
Dodging        | 4 6 8 9 |  9.3
Shields        | 4 6 8 9 |  9.4
Invocations    | 3 5 |  5.1

Action                   |  1- 3 |  4- 6 |  7- 9 || total
-------------------------+-------+-------+-------++-------
Melee: War axe           |     7 |    35 |    18 ||    60
       Constrict         |     2 |     8 |     1 ||    11
       Tentacles         |     1 |     8 |     2 ||    11
       Punch             |       |     2 |       ||     2
  Use: Potion            |     3 |     1 |     6 ||    10
       Scroll            |       |       |     2 ||     2
Dodge: Dodged            |     3 |    15 |    24 ||    42
Block: Buckler           |     1 |     9 |    17 ||    27

Table legend: (Time is in decaauts)
 A = Elapsed time spent in this place.
 B = Non-inter-level travel time spent in this place.
 C = Inter-level travel time spent in this place.
 D = Time resting spent in this place.
 E = Time spent auto-exploring this place.
 F = Levels seen in this place.
 G = Mean time per level.
                   A        B        C        D        E       F      G
               +--------+--------+--------+--------+--------+-----+--------+
         Total |    466 |    466 |      0 |    105 |     35 |   1 |  466.0 |
       Dungeon |    466 |    466 |      0 |    105 |     35 |   1 |  466.0 |
               +--------+--------+--------+--------+--------+-----+--------+

Top non-repeatable levels by time:
       D: 466 daAuts
